 Dungeon Crawl Stone Soup version 0.24.0-123-gd5b16e6ec5 (webtiles) character file.

Game seed: 3811178116902923230, levelgen mode: deterministic

32 FishyPogo the Charmwright (level 3, 0/31 HPs)
             Began as a Gnoll Skald on Dec 28, 2019.
             Splashed by a jelly's acid (2 damage)
             ... on level 3 of the Dungeon.
             The game lasted 00:02:36 (464 turns).

FishyPogo the Charmwright (Gnoll Skald)              Turns: 464, Time: 00:02:37

Health: 0/31       AC:  0    Str: 14    XL:     3   Next: 25%
Magic:  5/9        EV: 14    Int: 15    God:
Gold:   32         SH:  0    Dex: 14    Spells: 7/12 levels left

rFire    . . .     SeeInvis .   a - +0 short sword
rCold    . . .     Gourm    .   (no shield)
rNeg     . . .     Faith    .   b - +0 leather armour
rPois    .         Spirit   .   (no helmet)
rElec    .         Reflect  .   (no cloak)
rCorr    .         Harm     .   (no gloves)
MR       .....                  (no boots)
Stlth    +.........             (no amulet)
HPRegen  0.10/turn              (no ring)
MPRegen  0.11/turn              (no ring)

@: shrouded, infused, corroded
A: distributed training, fangs 1, strong nose
a: no special abilities


You were on level 3 of the Dungeon.
You were not hungry.

You visited 1 branch of the dungeon, and saw 3 of its levels.

You collected 32 gold pieces.

Inventory:

Hand Weapons
 a - a +0 short sword (weapon)
Missiles
 e - 6 stones (quivered)
Armour
 b - a +0 leather armour (worn)
Scrolls
 c - a scroll of blinking {unknown}
 g - a scroll of amnesia {unknown}
Potions
 h - a potion of brilliance {unknown}
 i - 2 potions of haste {unknown}
Comestibles
 d - 3 rations
 f - 7 chunks of flesh


   Skills:
 + Level 4.5 Fighting
 + Level 4.5 Short Blades
 + Level 0.6 Long Blades
 + Level 0.6 Axes
 + Level 0.6 Maces & Flails
 + Level 0.6 Polearms
 + Level 0.6 Staves
 + Level 0.6 Slings
 + Level 0.6 Bows
 + Level 0.6 Crossbows
 + Level 0.6 Throwing
 + Level 2.5 Armour
 + Level 4.5 Dodging
 + Level 0.6 Stealth
 + Level 0.6 Shields
 + Level 0.6 Unarmed Combat
 + Level 5.0 Spellcasting
 + Level 0.4 Conjurations
 + Level 0.4 Hexes
 + Level 5.4 Charms
 + Level 0.4 Summonings
 + Level 0.4 Necromancy
 + Level 0.4 Translocations
 + Level 0.4 Transmutations
 + Level 0.4 Fire Magic
 + Level 0.4 Ice Magic
 + Level 0.4 Air Magic
 + Level 0.4 Earth Magic
 + Level 0.4 Poison Magic
 + Level 0.8 Invocations
 + Level 0.6 Evocations


You had 7 spell levels left.
You knew the following spells:

 Your Spells              Type           Power        Failure   Level  Hunger
p - Shroud of Golubria    Chrm/Tloc      ##....       9%          2    ##.....
u - Song of Slaying       Chrm           ###.....     3%          2    ##.....
y - Infusion              Chrm           ###.         2%          1    None

Your spell library contained the following spells:

 Spells                   Type           Power        Failure   Level  Hunger
 Regeneration             Chrm/Necr      ##........   19%         3    ###....
 Spectral Weapon          Hex/Chrm       ##......     19%         3    ###....


Dungeon Overview and Level Annotations

Branches:
Dungeon (3/15)

Altars:


Innate Abilities, Weirdness & Mutations

Your experience applies equally to all skills.
You have very sharp teeth.
Your uncanny sense of smell can sniff out nearby items.


Message History

The jelly closely misses you.
You hit the jelly. The acid corrodes you!
Your hands burn!
The jelly is heavily wounded.
The jelly hits you. The acid corrodes you!
You are splashed with acid!
* * * LOW HITPOINT WARNING * * *
You see here a whip.
Some of the chunks of flesh in your inventory have rotted away.
There is a stone staircase leading up here.
You are no longer corroded.
Casting: Infusion (safe; 2% risk of failure)
Confirm with . or Enter, or press ? or * to list all spells.
Space distorts slightly along a thin shroud covering your body.
The jelly hits you. The acid corrodes you!
You are splashed with acid!
* * * LOW HITPOINT WARNING * * *
Casting: Shroud of Golubria (safe; 9% risk of failure)
Confirm with . or Enter, or press ? or * to list all spells.
You begin infusing your attacks with magical energy.
Your shroud bends the jelly's attack away.
You hit the jelly.
Your hands burn!
You die...

#.# #.# #.# #.# #.##
#.. ∆ #.# #@#
#########J# #...<.....#
#### #.######### ..)#
#.......# ##.##
#######.# #...## #.#
.....#########.#######.
.............).........


You could see a jelly.

Vanquished Creatures
  An adder (D:1)
  2 worms (D:2)
  A dart slug (D:2)
  A leopard gecko (D:2)
  A giant cockroach (D:2)
  A goblin (D:2)
  4 bats
  A frilled lizard (D:2)
  3 kobolds
  A rat (D:2)
16 creatures vanquished.

Notes
Turn   | Place    | Note
-------+----------+-------------------------------------------
     0 | D:1      | FishyPogo the Gnoll Skald began the quest for the Orb.
     0 | D:1      | Reached XP level 1. HP: 20/20 MP: 6/6
    79 | D:2      | Noticed a phantom
   106 | D:1      | Reached XP level 2. HP: 21/26 MP: 7/7
   129 | D:2      | Learned a level 2 spell: Song of Slaying
   132 | D:2      | Learned a level 2 spell: Shroud of Golubria
   313 | D:2      | Reached XP level 3. HP: 21/31 MP: 0/9
   329 | D:2      | Reached skill level 5 in Spellcasting
   460 | D:3      | HP: 1/31 [acid (9)]
   464 | D:3      | Splashed by a jelly's acid

Levels and vault maps discovered:
D:1:      ncdulo_watergridlock, layout_loops_ring, corner_web_ring,
          chequers_serial_rivers_room_b, minmay_tromino_mix6
D:2:      layout_loops_ring
D:3:      layout_loops_ring, bloody_makhleb, overflow_temple_1_default

Skill      XL: |  1  2  3 |
---------------+----------+-----
Spellcasting   | 5 |  5.0
Fighting       | |  4.5
Short Blades   | |  4.5
Long Blades    | |  0.6
Axes           | |  0.6
Maces & Flails | |  0.6
Polearms       | |  0.6
Staves         | |  0.6
Slings         | |  0.6
Bows           | |  0.6
Crossbows      | |  0.6
Throwing       | |  0.6
Armour         | |  2.5
Dodging        | |  4.5
Stealth        | |  0.6
Shields        | |  0.6
Unarmed Combat | |  0.6
Conjurations   | |  0.4
Hexes          | |  0.4
Charms         | |  5.4
Summonings     | |  0.4
Necromancy     | |  0.4
Translocations | |  0.4
Transmutations | |  0.4
Fire Magic     | |  0.4
Ice Magic      | |  0.4
Air Magic      | |  0.4
Earth Magic    | |  0.4
Poison Magic   | |  0.4
Invocations    | |  0.8
Evocations     | |  0.6

Action                   || total
-------------------------++-------
Melee: Short sword       ||    57
       Bite              ||     5
 Cast: Shroud of Golubri ||     4
       Infusion          ||     3
 Stab: Sleeping          ||     1
       Distracted        ||     1
Armor: Leather armour    ||    11
Dodge: Dodged            ||    32
